Map: 16 Bits LE

Players

IagoAbreu

  • Race: Protoss Protoss
  • Spawn Location: 1:00

I.A. 1 (Elite) - Winner!

  • Race: Zerg Zerg
  • Spawn Location: 7:00

VOD

Have the link to the VOD?

Description

Time

  • Played on: May 17, 2018, 6:05 p.m.
  • Length: 12:14
Show
View Real Time Build Order
Export as new Build Order

IagoAbreu Protoss 

Build Orders:  

Get SALT Encoding   

  1  0:00  Probe  
  13  0:07  Probe  
  14  0:20  Pylon  
  14  0:23  Probe  
  15  0:32  Pylon  
  15  0:38  Probe  
  16  0:49  Assimilator  
  16  0:50  Probe  
  17  1:04  Pylon  
  17  1:08  Probe  
  17  1:16  Probe  
  19  1:29  Nexus  
  19  1:33  Pylon  
  19  1:43  Forge  
  19  2:05  Gateway x2  
  19  2:21  Protoss Ground Weapons Level 1  
  19  2:26  Probe  
  20  2:34  Probe  
  20  2:39  Probe  
  20  2:40  Gateway  
  20  2:43  Probe  
  22  2:48  Probe  
  23  2:56  Probe  
  23  2:57  Photon Cannon, Probe  
  26  3:09  Cybernetics Core  
  26  3:13  Zealot  
  26  3:19  Zealot  
  30  3:24  Probe  
  30  3:26  Warp Gate  
  31  3:30  Zealot  
  33  3:36  Probe  
  35  3:48  Probe  
  35  3:58  Zealot x3  
  35  4:00  Probe  
  42  4:03  Nexus  
  42  4:12  Probe  
  43  4:24  Probe  
  43  4:25  Stalker x3  
  50  4:36  Protoss Shields Level 1  
  50  4:46  Probe x2  
  52  4:55  Zealot x3  
  52  4:58  Probe  
  59  5:17  Probe  
  60  5:22  Zealot x3  
  60  5:25  Probe x3  
  68  5:35  Probe  
  69  5:37  Probe  
  69  5:38  Gateway, Probe  
  69  5:39  Gateway  
  72  5:47  Probe  
  72  5:49  Zealot x2  
  77  6:06  Pylon  
  77  6:24  Zealot x3, Probe  
  84  6:37  Pylon  
  78  6:47  Pylon  
  56  6:58  Twilight Council  
  54  7:05  Pylon  
  54  7:09  Shield Battery  
  54  7:13  Photon Cannon  
  54  7:14  Photon Cannon  
  54  7:15  Photon Cannon  
  54  7:17  Photon Cannon  
  54  7:18  Photon Cannon  
  54  7:20  Photon Cannon  
  54  7:25  Photon Cannon  
  54  7:46  Pylon  
  54  7:52  Pylon  
  54  7:57  Gateway  
  54  7:59  Charge  
  54  8:01  Gateway  
  54  8:02  Protoss Ground Weapons Level 2  
  54  8:08  Gateway  
  54  8:10  Gateway  
  54  8:12  Gateway  
  54  8:36  Adept  
  54  8:37  Adept x4  
  60  8:47  Shield Battery  
  50  9:08  Zealot x5  
  54  9:21  Pylon  
  54  9:24  Pylon  
  54  9:27  Zealot  
  54  9:28  Zealot x7  
  54  9:29  Zealot x2  
  44  9:41  Zealot x6  
  54  9:47  Pylon x2  
  44  10:02  Pylon  
  44  10:03  Zealot x7  
  44  10:04  Zealot x3  
  44  10:05  Pylon  
  64  10:08  Pylon  
  64  10:20  Robotics Facility  
  53  10:30  Adept x2  
  53  10:31  Adept x4  
  53  10:32  Adept x4  
  42  11:00  Zealot x4  
  42  11:01  Zealot x6  
  49  11:24  Zealot  
  49  11:25  Zealot x6  
  38  11:45  Zealot x5  
  38  11:46  Zealot x2  
  28  11:59  Zealot x3  
  28  12:00  Zealot x4  
Show
View Real Time Build Order
Export as new Build Order

I.A. 1 (Elite) Zerg - Winner!

Build Orders: Pool First 

Get SALT Encoding   

  12  0:00  Drone  
  13  0:12  Overlord  
  13  0:17  Drone  
  14  0:30  Drone x2  
  16  0:43  Spawning Pool  
  16  0:45  Drone  
  16  0:50  Drone  
  17  1:13  Hatchery  
  17  1:15  Drone  
  17  1:18  Extractor  
  16  1:20  Drone  
  16  1:25  Drone  
  18  1:28  Drone  
  19  1:38  Overlord  
  19  1:49  Drone  
  19  1:52  Queen  
  22  2:00  Zergling x2  
  23  2:10  Drone  
  24  2:21  Drone  
  25  2:27  Roach Warren, Queen  
  25  2:28  Extractor  
  25  2:33  Drone  
  26  2:39  Drone  
  27  2:45  Overlord  
  27  2:49  Drone  
  28  2:52  Drone  
  28  2:57  Drone  
  30  3:02  Drone  
  32  3:05  Drone  
  32  3:08  Zergling x2  
  32  3:11  Zergling x2  
  34  3:16  Roach  
  36  3:20  Roach  
  36  3:25  Roach  
  40  3:28  Roach  
  40  3:31  Drone  
  40  3:33  Drone  
  44  3:39  Overlord  
  44  3:46  Lair  
  44  3:50  Metabolic Boost  
  44  3:55  Overlord  
  44  3:58  Drone  
  44  4:00  Drone  
  46  4:03  Drone  
  46  4:05  Zergling x2  
  46  4:07  Zergling x2  
  46  4:09  Zergling x2  
  50  4:16  Drone, Evolution Chamber  
  50  4:21  Evolution Chamber  
  50  4:22  Drone  
  50  4:24  Drone  
  50  4:26  Drone  
  50  4:28  Drone  
  50  4:31  Drone  
  54  4:42  Zerg Missile Weapons Level 1  
  54  4:46  Zerg Ground Armor Level 1  
  54  4:47  Drone, Hydralisk Den  
  54  4:51  Overlord  
  54  4:54  Roach  
  54  4:56  Roach  
  58  5:09  Drone  
  58  5:11  Infestation Pit  
  58  5:12  Overlord  
  58  5:15  Drone  
  58  5:16  Drone  
  58  5:18  Hydralisk  
  62  5:21  Drone  
  62  5:24  Drone  
  64  5:28  Drone, Extractor  
  64  5:30  Drone  
  64  5:31  Drone, Overlord  
  64  5:34  Hydralisk  
  64  5:35  Drone  
  69  5:41  Drone  
  69  5:42  Drone  
  71  5:43  Drone, Hydralisk  
  71  5:48  Infestor  
  71  5:49  Drone, Overlord  
  77  5:53  Drone, Hydralisk  
  77  5:55  Drone  
  81  6:03  Drone  
  82  6:05  Roach  
  82  6:08  Overlord  
  82  6:09  Roach, Extractor  
  84  6:18  Infestor  
  86  6:27  Hatchery  
  86  6:28  Ravager, Drone  
  86  6:31  Roach, Drone, Overlord  
  86  6:32  Drone x2  
  92  6:39  Roach  
  93  6:41  Roach x3  
  93  6:43  Zergling x2  
  93  6:45  Roach, Zergling x2  
  97  6:47  Roach  
  97  6:50  Hydralisk  
  93  6:59  Ravager  
  92  7:01  Hydralisk  
  92  7:06  Hydralisk  
  92  7:07  Overlord  
  96  7:16  Hydralisk  
  96  7:20  Hydralisk  
  100  7:27  Overseer  
  100  7:34  Infestor  
  102  7:39  Drone x4  
  102  7:40  Drone x2  
  102  7:43  Overlord  
  108  7:44  Drone  
  108  7:45  Drone x3  
  108  7:48  Drone, Infestor  
  108  7:49  Drone x2, Extractor x2  
  115  7:55  Drone  
  115  7:57  Drone  
  117  8:00  Drone  
  117  8:05  Zerg Missile Weapons Level 2  
  118  8:06  Overlord  
  118  8:08  Drone  
  118  8:11  Drone  
  120  8:16  Roach, Drone x2  
  120  8:18  Drone x2  
  126  8:20  Drone x3  
  126  8:22  Zerg Ground Armor Level 2  
  126  8:25  Overlord  
  129  8:31  Spine Crawler, Pathogen Glands  
  129  8:32  Drone  
  129  8:35  Spine Crawler  
  129  8:36  Roach, Drone  
  129  8:39  Zergling x2  
  127  8:41  Zergling x2  
  127  8:43  Roach  
  127  8:48  Roach x3  
  125  8:51  Roach, Overlord  
  125  8:52  Roach x2, Hydralisk  
  125  8:54  Roach  
  129  9:01  Drone  
  124  9:03  Drone  
  124  9:04  Hydralisk  
  121  9:12  Drone  
  121  9:13  Spore Crawler  
  121  9:14  Drone  
  121  9:15  Drone  
  121  9:16  Spore Crawler  
  120  9:19  Roach, Drone x2  
  120  9:23  Drone x2, Hydralisk  
  120  9:24  Drone  
  129  9:25  Hydralisk  
  129  9:26  Zergling x2  
  127  9:32  Neural Parasite  
  127  9:34  Hydralisk  
  127  9:36  Hydralisk  
  127  9:37  Roach  
  133  9:42  Queen  
  133  9:45  Hydralisk  
  137  9:47  Overlord  
  137  9:51  Spine Crawler  
  136  9:53  Hydralisk  
  136  9:54  Spine Crawler  
  136  9:57  Lurker Den  
  136  9:58  Hatchery  
  135  10:17  Roach, Queen  
  135  10:18  Roach, Overseer  
  139  10:32  Spore Crawler  
  139  10:35  Spore Crawler, Drone  
  137  10:37  Drone, Spine Crawler  
  137  10:38  Roach  
  137  10:39  Roach, Zergling x2, Overlord  
  137  10:41  Overseer, Spine Crawler  
  137  10:42  Hive  
  137  10:54  Glial Reconstitution  
  137  10:57  Evolution Chamber  
  137  10:58  Hydralisk  
  137  11:01  Hydralisk  
  137  11:02  Roach  
  140  11:06  Hydralisk  
  140  11:09  Spore Crawler  
  140  11:10  Drone  
  140  11:11  Drone x4  
  144  11:12  Drone x3  
  144  11:13  Drone x3, Spine Crawler  
  151  11:21  Overlord  
  151  11:23  Drone, Hatchery, Extractor  
  151  11:24  Drone  
  151  11:27  Spore Crawler, Drone  
  151  11:30  Roach  
  153  11:32  Zergling x2  
  153  11:36  Lurker  
  153  11:37  Zergling x2  
  153  11:38  Hydralisk  
  154  11:42  Hydralisk  
  149  11:52  Spine Crawler  
  149  11:53  Lurker, Drone  
  149  11:54  Ravager  
  159  12:07  Extractor  
  156  12:12  Spire  
Tags
 
Matchup
PvZ
Opening
Pool First
Spawn Locations
Cross Positions
Add a new tag
Caveats
  • Supply blocks, unpowered buildings, or Contaminate may cause inaccurate times.
  • Supply counts are checked every 10 seconds.